 Dungeon Crawl Stone Soup version 0.31-a0-1589-g8f5e8aebd6 (webtiles) character file.

Game seed: 4743823309002613160

5784 SmokeWeed the Cleaver (level 10, -4/88 HPs)
             Began as a Hill Orc Fighter on Jan 5, 2024.
             Was a Priest of Okawaru.
             Killed by divine providence
             ... invoked by an orc priest
              (9 damage)
             ... on level 9 of the Dungeon.
             The game lasted 00:20:07 (8021 turns).

SmokeWeed the Cleaver (Hill Orc Fighter)            Turns: 8021, Time: 00:20:08

Health: -4/88      AC: 22    Str: 24    XL:     10   Next: 78%
Magic:  10/11      EV: 10    Int:  8    God:    Okawaru [***...]
Gold:   477        SH:  5    Dex: 10    Spells: 9/9 levels left

rFire   . . .        a - +0 war axe
rCold   + + .        c - +0 buckler
rNeg    . . .        G - +2 chain mail {rC+}
rPois   .            D - +0 hat {Stlth+}
rElec   .            (no cloak)
rCorr   .            r - +0 pair of gloves
SInv    .            m - +2 pair of boots
Will    .....        (no amulet) Stlth
                     t - +4 ring of protection
HPRegen 0.34/turn    x - ring of protection from cold
MPRegen 0.12/turn

%: no passive effects
@: no status effects
A: no striking features
a: Renounce Religion, Convert to Beogh, Heroism


You were on level 9 of the Dungeon.
You worshipped Okawaru.
Okawaru was most pleased with you.
You visited 1 branch of the dungeon, and saw 11 of its levels.

You collected 477 gold pieces.

Inventory:

Hand Weapons
 a - a +0 war axe (weapon)
 H - a +2 whip of holy wrath
Missiles
 u - 2 darts of dispersal
 y - 14 boomerangs (quivered)
 F - 10 poisoned darts
Armour
 b - a +0 scale mail
 c - a +0 buckler (worn)
 m - a +2 pair of boots (worn)
 n - a +0 chain mail
 p - a +2 leather armour of willpower
 r - a +0 pair of gloves (worn)
 D - a +0 hat of stealth (worn)
 G - a +2 chain mail of cold resistance (worn)
Jewellery
 t - a +4 ring of protection (left hand)
 x - a ring of protection from cold (right hand)
 B - a ring of willpower
 C - a +4 ring of slaying
Talismans
 o - the blade talisman of Devotion {rF- rC- Int+2 Dex+3}
   (You found it on level 5 of the Dungeon)

   [blade talisman]

   Int+2:     It affects your intelligence (+2).
   Dex+3:     It affects your dexterity (+3).
   rF-:       It makes you vulnerable to fire.
   rC-:       It makes you vulnerable to cold.
Wands
 i - a wand of digging (11)
 k - a wand of polymorph (10)
 I - a wand of flame (19)
Scrolls
 h - 4 scrolls of poison
 z - a scroll of identify
 A - 3 scrolls of teleportation
 J - a scroll of brand weapon {unknown}
Potions
 f - 5 potions of brilliance
 g - a potion of degeneration
 j - 6 potions of curing
 l - 2 potions of resistance
 q - a potion of lignification {unknown}
 s - a potion of enlightenment {unknown}
 v - a potion of attraction {unknown}
 w - a potion of magic {unknown}


   Skills:
 + Level 7.8 Fighting
 + Level 12.9 Axes
 + Level 1.5 Throwing
 * Level 9.4 Armour
 * Level 4.6 Dodging
 + Level 1.0 Stealth
 + Level 5.3 Shields
 + Level 1.3 Invocations


You had 9 spell levels left.
You didn't know any spells.
Your spell library contained the following spells:

 Spells                   Type           Power      Damage    Failure   Level
 Blink                    Tloc           0%         N/A       98%         2
 Lesser Beckoning         Tloc           0%         N/A       98%         2
 Momentum Strike          Conj/Tloc      0%         3d8       98%         2
 Scorch                   Fire           0%         2d5       98%         2
 Flame Wave               Conj/Fire      0%         2d4       100%        4
 Iskenderun's Battlesphe  Conj           0%         2d6       100%        5
 Bombard                  Conj/Erth      0%         9d1       100%        6
 Summon Cactus Giant      Summ           Unusable   N/A       N/A         6
 Spellforged Servitor     Conj/Summ      Unusable   N/A       N/A         7

Dungeon Overview and Level Annotations

Branches:
Dungeon (11/15)            Temple (0/1) D:7
   Lair: D:8-11         Orc: D:9-12

Altars:
Fedhas
Gozag
Kikubaaqudgha
Nemelex Xobeh
Okawaru
Ru
Vehumet
Xom

Annotations:
D:5 exclusion: statue


Message History

The orc hits you but does no damage.
The orc priest mumbles some strange prayers to Beogh against you.
Pain shoots through your body!
* * * LOW HITPOINT WARNING * * *
The orc priest shouts, "Beogh is our master!
Accept the truth or die!"
You slash the orc priest!
You kill the orc priest!
Okawaru accepts your kill.
You feel a little less mighty now.
Throw: 14 boomerangs
Press: ? - help, Q - select action, (/) - cycle Shift-Dir - straight line, f - orc
Aim: an orc, wielding a +0 trident (64% to hit)
You throw a boomerang. The boomerang hits the orc!
You kill the orc!
Okawaru accepts your kill.
Throw: 14 boomerangs
Press: ? - help, Q - select action, (/) - cycle Shift-Dir - straight line, f - orc
Aim: an orc, wielding a +0 club and wearing a +0 leather armour (64% to hit)
You throw a boomerang.
The boomerang hits the orc but does no damage.
You barely miss the orc. The orc hits you but does no damage.
You hit the orc but do no damage. The orc barely misses you.
You barely miss the orc.
You feel like a meek peon again.
You barely miss the orc. The orc barely misses you.
You slash the orc!
You kill the orc!
Okawaru accepts your kill.
You hit the orc.
The orc is moderately wounded.
The orc barely misses you.
You slash the orc!
You kill the orc!
Okawaru accepts your kill.
You hit the kobold brigand.
The kobold brigand is lightly wounded.
The kobold brigand hits you but does no damage.
The orc priest calls down the wrath of Beogh upon you.
Beogh smites you!
You die...

... ..# ..##..#
......# ......#
#......#
####'#######......#
.....oK@$).$......#
..Y########))####.#
#.)# .#
######..####.#
#............#
#..!.........#
##+####......# ###
#......# ..#
#.###..#


You could see a yak, a kobold brigand and an orc priest.

Vanquished Creatures
  A two-headed ogre (D:9)
  An ugly thing (D:11)
  A kobold demonologist (D:9)
  A troll (D:9)
  5 yaks (D:9)
  2 vampire mosquitoes (D:11)
  A water moccasin (D:7)
  4 black bears
  2 ice beasts
  2 orc warriors (D:9)
  4 ogres
  A centaur (D:6)
  5 kobold brigands
  3 bullfrogs
  3 scorpions (D:5)
  3 wights (D:9)
  3 killer bees (D:11)
  5 jellies
  A bombardier beetle (D:5)
  2 howler monkeys
  Crazy Yiuf (D:5)
  2 hounds (D:6)
  An orc priest (D:9)
  A gnoll bouda (D:6)
  Jessica (D:2)
  3 iguanas
  9 orc wizards
  A sleepcap (D:4)
  8 gnolls (D:6)
  A river rat (D:6)
  7 adders
  A shadow imp (D:5)
  A white imp (D:6)
  6 ufetubi
  2 dart slugs
  2 ribbon worms
  37 orcs
  9 endoplasms
  3 giant cockroaches
  8 goblins
  8 hobgoblins
  3 jackals (D:3)
  8 quokkas
  6 ball pythons
  6 bats
  3 frilled lizards
  22 kobolds
  5 rats
215 creatures vanquished.

Notes
Turn   | Place    | Note
-------+----------+-------------------------------------------
     0 | D:1      | SmokeWeed the Hill Orc Fighter began the quest for the Orb.
     0 | D:1      | Reached XP level 1. HP: 19/19 MP: 1/1
    53 | D:1      | Found a faded altar of an unknown god.
   179 | D:1      | Reached XP level 2. HP: 20/27 MP: 2/2
   390 | D:1      | Reached skill level 3 in Axes
   652 | D:1      | Reached XP level 3. HP: 33/33 MP: 3/3
  1033 | D:2      | Noticed Jessica
  1040 | D:2      | Killed Jessica
  1362 | D:2      | Reached XP level 4. HP: 40/40 MP: 4/4
  1602 | D:2      | Identified the +0 leather armour of Cujirghomel {Fly rF-
                  | Regen+ Int+3}
  1769 | D:3      | Reached skill level 4 in Axes
  1811 | D:3      | Noticed an ogre
  1818 | D:3      | Killed an ogre
  1819 | D:3      | Reached skill level 5 in Axes
  1819 | D:3      | Reached XP level 5. HP: 10/47 MP: 5/5
  2461 | D:4      | Reached skill level 6 in Axes
  2461 | D:4      | Reached XP level 6. HP: 43/53 MP: 6/6
  2563 | D:4      | Noticed an ice beast
  2588 | D:4      | Killed an ice beast
  2589 | D:4      | Reached skill level 1 in Dodging
  2645 | D:4      | Reached skill level 7 in Axes
  2760 | D:4      | Noticed a black bear
  2767 | D:4      | HP: 2/53 [black bear (6)]
  2769 | D:4      | Killed a black bear
  2770 | D:4      | Reached XP level 7. HP: 3/60 MP: 7/7
  2985 | D:4      | Found an iron altar of Okawaru.
  2990 | D:4      | Became a worshipper of Warmaster Okawaru
  3319 | D:5      | Entered Level 5 of the Dungeon
  3357 | D:5      | Reached skill level 5 in Fighting
  3463 | D:5      | Reached skill level 8 in Axes
  3602 | D:5      | Identified the blade talisman of Devotion {rF- rC- Int+2
                  | Dex+3}
  3660 | D:5      | HP: 1/61 [ogre/+0 giant club (17)]
  3836 | D:5      | Reached XP level 8. HP: 67/69 MP: 8/8
  3864 | D:5      | Found a radiant altar of Vehumet.
  3956 | D:5      | Reached skill level 5 in Armour
  4067 | D:5      | Reached * piety under Okawaru
  4068 | D:5      | Reached skill level 9 in Axes
  4458 | D:5      | Found a runed translucent door.
  4459 | D:5      | Noticed Crazy Yiuf
  4720 | D:5      | Killed Crazy Yiuf
  5512 | D:6      | Reached skill level 10 in Axes
  5518 | D:6      | Found an opulent altar of Gozag.
  5594 | D:6      | Reached XP level 9. HP: 73/75 MP: 9/9
  6305 | D:7      | Found a sacrificial altar of Ru.
  6507 | D:7      | Found a staircase to the Ecumenical Temple.
  6689 | D:7      | Found a shimmering altar of Xom.
  6752 | D:7      | Reached ** piety under Okawaru
  6753 | D:7      | Reached skill level 11 in Axes
  7144 | D:7      | Found a blossoming altar of Fedhas.
  7147 | D:7      | Found an ancient bone altar of Kikubaaqudgha.
  7380 | D:8      | Found a sparkling altar of Nemelex Xobeh.
  7427 | D:8      | You fall into a shaft and drop 3 floors!
  7542 | D:11     | Reached skill level 1 in Stealth
  7633 | D:11     | Noticed a brown ugly thing
  7645 | D:11     | Killed a brown ugly thing
  7646 | D:11     | Reached skill level 5 in Shields
  7653 | D:10     | Entered Level 10 of the Dungeon
  7659 | D:10     | Reached XP level 10. HP: 86/86 MP: 7/10
  7740 | D:9      | Reached skill level 12 in Axes
  7740 | D:9      | Reached skill level 1 in Invocations
  7924 | D:9      | Noticed a two-headed ogre
  7933 | D:9      | Noticed a kobold demonologist
  7940 | D:9      | Killed a two-headed ogre
  7961 | D:9      | Reached *** piety under Okawaru
  7964 | D:9      | Noticed an orange demon
  7967 | D:9      | Killed a kobold demonologist
  7981 | D:9      | Reached skill level 1 in Throwing
  8007 | D:9      | HP: 4/88 [orc priest/divine providence (10)]
  8021 | D:9      | Killed from afar by an orc priest

Illustrated notes

Levels and vault maps discovered:
D:1:      saegor_arrival_simple_e, layout_basic,
          hellmonk_ecumenical_altar_run_dry, minmay_misc_feat_room
D:2:      layout_loops_ring, minivault_14, nrook_loot_triangle, uniq_jessica
D:3:      layout_basic
D:4:      layout_cave_pools, kennysheep_little_box
D:5:      layout_basic, vehumet_statue, hex_tiny, uniq_crazy_yiuf_cottage
D:6:      layout_loops_ring, nicolae_gozag_seed_capital, gup_sewer_entry_spiral,
          corner_web_ring
D:7:      layout_basic, nicolae_ru_great_annihilating_truth,
          nicolae_overflow_hidden_temple, temple_fountains,
          chequers_serial_rivers_micro_c
D:8:      layout_layer_cave, nemelex_diamond_rough_becter,
          nicolae_overflow_crystal_walls, kennysheep_just_a_vault, uniq_psyche
D:9:      layout_stronghold, lightli_temple_of_fire, erik_orc_1,
          ebering_ghost_disaster_area
D:10:     layout_stronghold, erik_lair_island, serial_shops,
          nicolae_shop_peninsula, lightli_church_of_beogh
D:11:     layout_cave_pods, uniq_maurice

Skill      XL: |  1  2  3  4  5  6  7  8  9 10 |
---------------+-------------------------------+-----
Axes           | 3 5 6 7 8 10 11 12 | 12.9
Fighting       | 4 5 6 7 |  7.8
Armour         | 4 6 8 9 |  9.4
Shields        | 4 5 |  5.3
Dodging        | 1 2 3 4 |  4.6
Stealth        | 1 |  1.0
Invocations    | 1 |  1.3
Throwing       | 1 |  1.5

Action                     |  1- 3 |  4- 6 |  7- 9 | 10-12 || total
---------------------------+-------+-------+-------+-------++-------
  Melee: War axe           |    73 |   126 |   373 |   110 ||   682
  Throw: Boomerang         |       |     3 |     1 |     3 ||     7
         Dart              |       |       |       |     1 ||     1
 Invoke: Heroism           |       |       |     5 |     4 ||     9
    Use: Scroll            |     2 |     5 |     6 |       ||    13
         Potion            |       |     1 |     1 |     4 ||     6
   Stab: Paralysed         |       |       |     2 |       ||     2
 Armour: Scale mail        |    44 |    31 |       |       ||    75
         Chain mail        |       |    82 |   301 |    96 ||   479
  Dodge: Dodged            |    29 |    49 |   152 |    57 ||   287
  Block: Buckler           |    26 |    22 |    78 |    20 ||   146

Table legend: (Time is in decaauts)
 A = Elapsed time spent in this place.
 B = Non-inter-level travel time spent in this place.
 C = Inter-level travel time spent in this place.
 D = Time resting spent in this place.
 E = Time spent auto-exploring this place.
 F = Levels seen in this place.
 G = Mean time per level.
                   A        B        C        D        E       F      G
               +--------+--------+--------+--------+--------+-----+--------+
         Total |   8118 |   7843 |    275 |    876 |   5116 |  11 |  738.0 |
       Dungeon |   8118 |   7843 |    275 |    876 |   5116 |  11 |  738.0 |
               +--------+--------+--------+--------+--------+-----+--------+

Top non-repeatable levels by time:
     D:5: 1904 daAuts
     D:6: 1149 daAuts
     D:1: 1043 daAuts
     D:7: 941 daAuts
     D:4: 884 daAuts
     D:3: 781 daAuts
     D:2: 668 daAuts
     D:9: 296 daAuts
    D:11: 217 daAuts
     D:8: 182 daAuts
    D:10: 49 daAuts
